 Dungeon Crawl Stone Soup version 0.29-a0-2-g12fcac58f8 (webtiles) character file.

Game seed: 922433229527605496

99 HallandMoats the Ruffian (level 4, 0/40 HPs)
             Began as a Ghoul Monk on Jan 27, 2022.
             Slain by Pikel (9 damage)
             ... on level 4 of the Dungeon.
             The game lasted 00:02:48 (2212 turns).

HallandMoats the Ruffian (Ghoul Monk)               Turns: 2212, Time: 00:02:48

Health: 0/40       AC:  4    Str: 11    XL:     4   Next: 72%
Magic:  3/3        EV: 12    Int:  5    God:
Gold:   118        SH:  0    Dex: 11    Spells: 3/3 levels left

rFire   + . .      SeeInvis .     - Unarmed
rCold   + + .      Faith    .   (no shield)
rNeg    + + +      Spirit   .   g - +1 leather armour of Exclusion {rF+ rC+ Will++ Str-5}
rPois   ∞          Reflect  .   (no helmet)
rElec   .          Harm     .   (no cloak)
rCorr   .          Rampage  .   (no gloves)
Will    ++...                   (no boots)
Stlth   ++........              (no amulet)
HPRegen 0.00/turn               (no ring)
MPRegen 0.08/turn               (no ring)

@: inhibited regen
A: claws 1, cold resistance 1, negative energy resistance 3, inhibited
regeneration, torment resistance 2
a: no special abilities


You were on level 4 of the Dungeon.
You visited 1 branch of the dungeon, and saw 4 of its levels.

You collected 118 gold pieces.

Inventory:

Armour
 f - a +0 scale mail
 g - the +1 leather armour of Exclusion (worn) {rF+ rC+ Will++ Str-5}
   (You found it on level 2 of the Dungeon)

   Str:       It affects your strength (-5).
   rF:        It protects you from fire.
   rC:        It protects you from cold.
   Will:      It greatly increases your willpower.
Wands
 a - a wand of acid (12)
Scrolls
 b - 3 scrolls of identify {unknown}
 c - a scroll of enchant armour {unknown}
 e - a scroll of blinking {unknown}
 h - 2 scrolls of immolation {unknown}
Potions
 d - a potion of mutation {unknown}
 i - a potion of berserk rage {unknown}
 j - a potion of degeneration {unknown}
 k - a potion of cancellation {unknown}


   Skills:
 * Level 4.2 Fighting
 + Level 0.7 Armour
 + Level 3.1 Dodging
 - Level 2.5 Stealth
 * Level 4.3 Unarmed Combat


You had 3 spell levels left.
You didn't know any spells.
Your spell library was empty.

Dungeon Overview and Level Annotations

Branches:
Dungeon (4/15)
 Temple: D:4-7

Altars:

Annotations:
D:4 Pikel


Innate Abilities, Weirdness & Mutations

You thrive by killing the living.
You are immune to poison.
You have sharp fingernails.
Your flesh is cold resistant. (rC+)
You are immune to negative energy. (rN+++)
You do not regenerate when monsters are visible.
You are immune to unholy pain and torment.


Message History

The lemure completely misses you.
You completely miss the lemure.
The lemure is almost dead.
The lemure hits you.
You scratch the lemure.
You kill the lemure!
That felt strangely unrewarding.
You start resting.
HP restored.
There is a stone staircase leading down here.
You climb downwards.
Level annotation: Pikel The ball python misses you.
The ball python barely misses you. The lemure closely misses you.
Pikel hits you but does no damage. The lemure hits you.
The ball python bites you but does no damage.
The ball python barely misses you.
There is a stone staircase leading up here.
The lemure hits you but does no damage.
Pikel hits you with a +1 whip of flaming.
The lemure hits you.
The ball python bites you but does no damage.
The ball python grabs you.
You stop ascending the stairs.
The ball python constricts you.
Unknown command.
Unknown command.
Unknown command.
Unknown command.
Unknown command.
You escape the ball python's grasp.
The lemure completely misses you.
Pikel hits you with a +1 whip of flaming.
The lemure barely misses you. The ball python barely misses you.
The ball python misses you. The lemure hits you.
You closely miss the lemure. You claw the lemure.
The lemure is lightly wounded.
The lemure hits you! x2
* * * LOW HITPOINT WARNING * * *
Pikel hits you with a +1 whip of flaming!
You die...

#.## #. #... ...
#..# ... #..# #.#
#..##.. #..#.# #
#######.S.##.#...
#......<5K.......
#.#####.5@##.##.
#[.5....#
#...##...# #...#
#### #.... #....
#.#... ....


You could see Pikel, 3 lemures and a ball python.

Vanquished Creatures
  A lemure (D:3)
  3 adders
  3 worms
  2 dart slugs (D:1)
  An orc (D:3)
  8 bats
  4 endoplasms
  4 giant cockroaches
  4 goblins
  2 hobgoblins (D:3)
  2 jackals (D:3)
  8 kobolds
  A quokka (D:2)
  7 ball pythons
  2 frilled lizards
  6 rats
58 creatures vanquished.

Notes
Turn   | Place    | Note
-------+----------+-------------------------------------------
     0 | D:1      | HallandMoats the Ghoul Monk began the quest for the Orb.
     0 | D:1      | Reached XP level 1. HP: 19/19 MP: 0/0
    63 | D:1      | Reached XP level 2. HP: 24/26 MP: 1/1
   627 | D:1      | Reached XP level 3. HP: 17/33 MP: 2/2
   809 | D:2      | Identified the +1 leather armour of Exclusion {rF+ rC+
                  | Will++ Str-5}
  1450 | D:3      | Reached XP level 4. HP: 40/40 MP: 3/3
  2094 | D:4      | Noticed Pikel
  2094 | D:4      | Noticed a lemure
  2094 | D:4      | Noticed a lemure
  2094 | D:4      | Noticed a lemure
  2094 | D:4      | Noticed a lemure
  2114 | D:3      | Killed a lemure
  2212 | D:4      | Slain by Pikel

Illustrated notes

Levels and vault maps discovered:
D:1:      erik_arrival_blinker_ship, layout_rooms, minmay_tromino_v4_a
D:2:      layout_basic
D:3:      layout_basic
D:4:      layout_loops_ring, temple_pool_b, uniq_menkaure, uniq_pikel

Skill      XL: |  1  2  3  4 |
---------------+-------------+-----
Dodging        | 3 |  3.1
Unarmed Combat | 4 |  4.3
Fighting       | 4 |  4.2
Armour         | |  0.7
Stealth        | |  2.5

Action                   |  1- 3 |  4- 6 || total
-------------------------+-------+-------++-------
Melee: Unarmed           |   133 |    74 ||   207
       Punch             |     1 |     5 ||     6
Armor: Robe              |    17 |       ||    17
       Scale mail        |    29 |       ||    29
       Leather armour    |       |    23 ||    23
Dodge: Dodged            |    97 |    52 ||   149

Table legend: (Time is in decaauts)
 A = Elapsed time spent in this place.
 B = Non-inter-level travel time spent in this place.
 C = Inter-level travel time spent in this place.
 D = Time resting spent in this place.
 E = Time spent auto-exploring this place.
 F = Levels seen in this place.
 G = Mean time per level.
                   A        B        C        D        E       F      G
               +--------+--------+--------+--------+--------+-----+--------+
         Total |   2196 |   2162 |     34 |     88 |   1658 |   4 |  549.0 |
       Dungeon |   2196 |   2162 |     34 |     88 |   1658 |   4 |  549.0 |
               +--------+--------+--------+--------+--------+-----+--------+

Top non-repeatable levels by time:
     D:1: 793 daAuts
     D:3: 757 daAuts
     D:2: 640 daAuts
     D:4: 6 daAuts
